 Dungeon Sprint DCSS version bcrawl-1.27.1d (webtiles) character file.

Game seed: 16038105299914464005

173456 Freyura the Cudgeler (level 3, -3/34 HPs)
             Began as a Sand Dwarf Skald on July 16, 2020.
             Slain by a steam dragon (6 damage)
             ... in the Dungeon (Sprint IX: "|||||||||||||||||||||||||||||").
             The game lasted 00:01:13 (208 turns).

Freyura the Cudgeler (Sand Dwarf Skald)              Turns: 208, Time: 00:01:14

Health: -3/34      AC:  3    Str: 15    XL:     3   Next: 10%
Magic:  6/7        EV: 14    Int: 13    God:
Gold:   0          SH:  0    Dex: 11    Spells: 4/7 levels left

rFire    . . .     SeeInvis .   a - +0 mace
rCold    . . .     Gourm    .   (shield restricted)
rNeg     . . .     Faith    .   b - +0 leather armour
rPois    .         Spirit   .   (no helmet)
rElec    .         Reflect  .   (no cloak)
rCorr    .         Harm     .   (no gloves)
MR       .....     NoTele   +   (no boots)
Stlth    +.........             (no amulet)
HPRegen  0.11/turn              (no ring)
MPRegen  0.10/turn              (no ring)

@: lethally poisoned (-3 -> -5), slow
A: small, slowness 1, armour attunement
a: no special abilities


You were in the Dungeon.
You were not hungry.

You visited 1 branch

Inventory:

Hand Weapons
 a - a +0 mace (weapon)
Armour
 b - a +0 leather armour (worn)
Scrolls
 d - a scroll of fear
 k - a scroll of blinking
Potions
 f - a potion of curing
 g - a potion of heal wounds
 h - a potion of haste
 i - 2 potions of magic
 j - a potion of berserk rage
Comestibles
 e - a ration {!d}


   Skills:
 * Level 4.3 Fighting
 * Level 5.3 Maces & Flails
 + Level 2.8 Armour
 - Level 1.5 Dodging
 + Level 2.8 Spellcasting
 + Level 3.7 Charms


You had 4 spell levels left.
You knew the following spells:

 Your Spells              Type           Power        Failure   Level  Hunger
a - Infusion              Chrm           ##......     4%          1    None
b - Song of Slaying       Chrm           ##......     8%          2    ##.....

Your spell library contained the following spells:

 Spells                   Type           Power        Failure   Level  Hunger
 Ozocubu's Armour         Chrm/Ice       #.......     32%         3    ####...
 Regeneration             Chrm/Necr      #.........   32%         3    ####...
 Spectral Weapon          Hex/Chrm       #.......     32%         3    ####...


Dungeon Overview and Level Annotations

Branches:
Dungeon (1/1)

Altars:


Innate Abilities, Weirdness & Mutations

You are small and have problems with some larger weapons.
You cover ground slowly.
Armour does not affect your spellcasting.


Message History

You hit the leopard gecko.
You kill the leopard gecko!
Your song has ended.
You feel sick.
You hit the steam dragon but do no damage.
The steam dragon closely misses you. The steam dragon barely misses you.
You hit the steam dragon.
The steam dragon is lightly wounded.
The steam dragon closely misses you. The steam dragon claws you.
You hit the steam dragon.
The steam dragon is moderately wounded.
You feel sick. The steam dragon closely misses you.
The steam dragon barely misses you.
You sock the steam dragon!
The steam dragon is severely wounded.
The steam dragon bites you.
* * * LOW HITPOINT WARNING * * *
The steam dragon claws you.
* * * LOW HITPOINT WARNING * * *
The steam dragon bites you.
You die... ▓▓▓▓▓▓▓▓▓▓▓▓▓▓▓▓▓▓ +.....D@..(.†...<▓ ▓▓▓▓▓▓▓▓▓▓▓▓▓▓▓▓▓▓

You could see a steam dragon.

Vanquished Creatures
  An adder (D)
  An ooze (D)
  A worm (D)
  A dart slug (D)
  2 leopard geckos (D)
  A kobold (D)
  A bat (D)
  A rat (D)
9 creatures vanquished.

Vanquished Creatures (others)
  A spatial maelstrom (D)
1 creature vanquished.

Grand Total: 10 creatures vanquished

Notes
Turn   | Place    | Note
-------+----------+-------------------------------------------
     0 | D        | Freyura the Sand Dwarf Skald began the quest for the Orb.
     0 | D        | Reached XP level 1. HP: 18/18 MP: 3/3
     0 | D        | Banished a spatial maelstrom
    18 | D        | Reached skill level 4 in Maces & Flails
    18 | D        | Reached XP level 2. HP: 10/26 MP: 5/5
    24 | D        | HP: 1/26 [leopard gecko (4)]
   181 | D        | Learned a level 2 spell: Song of Slaying
   181 | D        | Noticed a steam dragon
   200 | D        | Reached skill level 5 in Maces & Flails
   200 | D        | Reached XP level 3. HP: 19/33 MP: 5/7
   208 | D        | Slain by a steam dragon

Skill      XL: |  1  2 |
---------------+-------+-----
Fighting       | 3 4 |  4.3
Maces & Flails | 4 5 |  5.3
Armour         | 2 |  2.8
Dodging        | |  1.5
Spellcasting   | |  2.8
Charms         | |  3.7

Action                   || total
-------------------------++-------
Melee: Mace              ||    46
 Cast: Song of Slaying   ||     1
Armor: Leather armour    ||     6
Dodge: Dodged            ||    29
Block: Other             ||     8
